[Event "1st Archibald 2019"]
[Site "Sochi"]
[Date "2019.05.15"]
[Round "5.6"]
[White "Gritsayeva, Oksana"]
[Black "Bogdanovich, Stanislav"]
[Result "0-1"]
[ECO "B30"]
[WhiteElo "2383"]
[BlackElo "2581"]
[Annotator "RC"]
[PlyCount "104"]
[EventDate "2019.05.12"]
[EventType "swiss"]
[EventCountry "RUS"]
[SourceTitle "playchess.com"]
[Source "ChessBase"]
[SourceQuality "1"]
[TimeControl "5400+30"]

1. e4 c5 2. Nf3 Nc6 3. Bb5 e6 4. O-O Nge7 5. Re1 a6 6. Bf1 d5 7. exd5 Nxd5 8. d4 Nf6 9. Be3 Be7 10. c4 O-O 11. Nc3 cxd4 12. Nxd4 Ne5 13. Nb3 Qc7 14. Bf4 Bd6 15. c5 Nf3+ 16. Qxf3 Bxf4 17. g3 Bh6 18. Bg2 Rb8 19. Rad1 Bd7 20. Qd3 Rfc8 21. Qd6 Be8 22. Qxc7 Rxc7 23. Rd6 Kf8 24. Red1 Ke7 25. R1d4 Nd7 26. Rb4 g6 27. Rd3 Nxc5 28. Nxc5 Rxc5 29. Rxb7+ Rxb7 30. Bxb7 a5 31. Bf3 Bg7 32. h4 f5 33. Bd1 e5 34. Nd5+ Kf8 35. Nc3 e4 36. Rd8 Ke7 37. Rd5 Rxd5 38. Nxd5+ Kd6 39. Ne3 Kc5 40. b3 Bb5 41. Nc2 Bc3 42. a3 Bd3 43. Kg2 Bd2 44. h5 g5 45. Ne3 f4 46. gxf4 gxf4 47. Nc4 Be1 48. Nxa5 Bxa5 49. b4+ Bxb4 50. axb4+ Kxb4 51. h6 Kc3 52. Bg4 Kd2 0-1

[Event "1st Archibald 2019"]
[Site "Sochi"]
[Date "2019.05.15"]
[Round "5.20"]
[White "Khudyakov, Stanislav"]
[Black "Ufimtsev, Egor"]
[Result "0-1"]
[ECO "B12"]
[WhiteElo "2086"]
[BlackElo "2101"]
[Annotator "NA"]
[PlyCount "104"]
[EventDate "2019.05.12"]
[EventType "swiss"]
[EventCountry "RUS"]
[SourceTitle "playchess.com"]
[Source "ChessBase"]
[SourceQuality "1"]
[TimeControl "5400+30"]

1. e4 c6 2. d4 d5 3. e5 Bf5 4. Nd2 e6 5. Nb3 c5 (5... Nd7 6. Nf3 Ne7 7. Be2 h6 8. a4 Qc7 9. O-O g5 10. a5 O-O-O 11. Bd2 a6 12. c4 dxc4 13. Bxc4 Nd5 14. Qe2 {0-1 (38) Movsesian,S (2629)-Shankland,S (2725) chess.com INT 2019}) 6. dxc5 {[%emt 0:00:04] B12: Caro-Kann: Advance Variation} Bxc5 7. Nxc5 Qa5+ 8. c3 Qxc5 9. Be3 Qc7 10. f4 Nc6 11. Nf3 Nge7 12. Nd4 Nxd4 $146 ({Predecessor:} 12... Be4 13. Nb5 {1-0 (31) Csirik,A (2327)-Marosi,L (1932) Miskolc 2011}) 13. Qxd4 O-O 14. Be2 Be4 15. O-O Nf5 16. Qc5 Qd8 17. Bf2 b6 18. Qb4 f6 19. Bd4 {[%emt 0:12:37] [#]} fxe5 $1 20. Bxe5 Ne3 $1 21. Bxg7 {[%emt 0:03:18] [#]} Rf7 (21... Rf5 $1 $17 22. Be5 Bxg2) 22. Be5 Nc2 23. Qa4 Nxa1 24. Rxa1 Qf8 25. Rf1 Qh6 26. Bf3 Qg6 27. Bxe4 dxe4 28. Re1 Rd8 $11 29. Re3 Rd3 30. Qe8+ Rf8 31. Qxg6+ hxg6 32. Rxe4 Rd2 33. c4 g5 34. g3 gxf4 35. gxf4 Kf7 36. Re3 Rg8+ 37. Rg3 Rc2 38. Rxg8 Kxg8 39. h3 Kf7 40. Kf1 Kg6 41. Ke1 Kf5 42. Kd1 Rg2 43. b4 Ke4 44. c5 bxc5 45. bxc5 Kd5 46. Bd6 Rxa2 47. h4 Rh2 48. Be7 a5 49. Kc1 a4 50. Kb1 Kc4 51. c6 Kb3 52. Kc1 Rc2+ 0-1

[Event "1st Archibald 2019"]
[Site "Sochi"]
[Date "2019.05.16"]
[Round "6.19"]
[White "Dashko, Andrey"]
[Black "Najdin, Danil"]
[Result "1-0"]
[ECO "C00"]
[WhiteElo "2211"]
[BlackElo "2314"]
[Annotator "NA RC"]
[PlyCount "71"]
[EventDate "2019.05.12"]
[EventType "swiss"]
[EventCountry "RUS"]
[SourceTitle "playchess.com"]
[Source "ChessBase"]
[SourceQuality "1"]
[TimeControl "5400+30"]

1. e4 e6 2. Qe2 c5 3. Nf3 Nc6 4. g3 Be7 5. Bg2 d5 6. d3 Nf6 7. O-O O-O 8. e5 Nd7 9. c4 d4 10. h4 a6 {[%emt 0:02:18] C00: French: Unusual White 2nd moves} (10... b6 11. Ng5 Bb7 12. Bf4 Qc7 13. Nd2 Bxg5 14. hxg5 Ne7 15. Ne4 Ng6 16. Nd6 Bxg2 17. Kxg2 f6 18. gxf6 gxf6 {½-½ (68) Jones,G (2650)-Pantsulaia,L (2612) Almaty 2016}) 11. Bf4 b5 12. Nbd2 Rb8 13. Rfc1 Nb6 $146 (13... Bb7 $11 {remains equal.}) ({Predecessor:} 13... b4 14. Ne4 Bb7 15. h5 h6 16. g4 a5 17. g5 hxg5 18. Nexg5 Ncxe5 19. Bxe5 Bxg5 20. Bxb8 Nxb8 21. Nxg5 Qxg5 {½-½ (59) Onokpite,K (2102)-Edunwale,H (2205) Lagos 2015}) 14. Bg5 f6 15. exf6 gxf6 16. Bh6 Rf7 17. Ng5 (17. cxb5 $16 axb5 18. Nb3) 17... fxg5 18. Bxc6 bxc4 19. hxg5 cxd3 20. Qh5 Bb7 (20... Rf5 $16) 21. g6 Rf5 {[%emt 0:00:26] [#]} (21... Rf6 $142 22. gxh7+ Kh8 23. Bxb7 Rxb7) 22. Bg5 $18 {[%emt 0:00:19] Back Rank, Promotion} hxg6 23. Qxg6+ Kh8 24. Kg2 Bxc6+ 25. f3 Bxg5 26. Rh1+ Bh4 27. Qh6+ Kg8 28. Rxh4 Kf7 29. Qh7+ Ke8 30. Re1 Qg5 31. Rxe6+ Kd8 32. Rxc6 Nd7 33. Ne4 Rxb2+ 34. Kh3 d2 35. Nxg5 Rxg5 36. Re4 1-0

[Event "1st Archibald 2019"]
[Site "Sochi"]
[Date "2019.05.17"]
[Round "7.3"]
[White "Stupak, Kirill"]
[Black "Kotsur, Pavel"]
[Result "1-0"]
[ECO "D30"]
[WhiteElo "2551"]
[BlackElo "2527"]
[Annotator "ChessBase"]
[PlyCount "87"]
[EventDate "2019.05.12"]
[EventType "swiss"]
[EventCountry "RUS"]
[SourceTitle "playchess.com"]
[Source "ChessBase"]
[SourceQuality "1"]
[TimeControl "5400+30"]

1. d4 Nf6 2. c4 e6 3. Nf3 d5 4. Bg5 Bb4+ 5. Nbd2 O-O 6. e3 Nbd7 7. Qc2 h6 8. Bh4 c5 9. dxc5 dxc4 10. c6 bxc6 11. Bxc4 Be7 12. O-O c5 13. Rfd1 Nd5 14. Bg3 Bb7 15. Be2 Qc8 16. Nc4 Ba6 17. Rac1 Rd8 18. a3 Qb7 19. Rd2 Bb5 20. Rcd1 Qa6 21. Bf1 Rac8 22. e4 N5b6 23. Bd6 Bf6 24. Nxb6 Nxb6 25. Bxb5 Qxb5 26. e5 Bg5 27. Nxg5 hxg5 28. Rd3 Qa4 29. Qe2 Nd5 30. Be7 Rd7 31. Bxg5 Nf4 32. Bxf4 Rxd3 33. Rxd3 Qxf4 34. g3 Qf5 35. Kg2 c4 36. Rc3 Qb1 37. Qc2 Qa1 38. Qc1 Qa2 39. b3 Rc5 40. Rxc4 Rxe5 41. Rh4 f5 42. Qc8+ Kf7 43. Qc7+ Kf6 44. Rh7 1-0

[Event "1st Archibald 2019"]
[Site "Sochi"]
[Date "2019.05.17"]
[Round "7.6"]
[White "Oganian, Miran"]
[Black "Volkov, Sergey"]
[Result "0-1"]
[ECO "D15"]
[WhiteElo "2415"]
[BlackElo "2572"]
[Annotator "ChessBase"]
[PlyCount "132"]
[EventDate "2019.05.12"]
[EventType "swiss"]
[EventCountry "RUS"]
[SourceTitle "playchess.com"]
[Source "ChessBase"]
[SourceQuality "1"]
[TimeControl "5400+30"]

1. d4 d5 2. c4 c6 3. Nf3 Nf6 4. Nc3 a6 5. a4 e6 6. Bg5 a5 7. e3 h6 8. Bh4 Be7 9. Be2 O-O 10. Qb3 Nbd7 11. O-O b6 12. cxd5 exd5 13. Rac1 Bb7 14. Rfd1 Rc8 15. Qc2 Re8 16. Bd3 Ne4 17. Bxe4 Bxh4 18. Bh7+ Kh8 19. Nxh4 Qxh4 20. Bf5 Qd8 21. e4 Re7 22. exd5 cxd5 23. Qb3 g6 24. Bh3 Rc4 25. Nxd5 Bxd5 26. Rxc4 Nf6 27. Qc2 Bxc4 28. Qxc4 Rc7 29. Qb3 Nd5 30. g3 Nb4 31. Bf1 Kg8 32. Bb5 Qd6 33. Qe3 h5 34. Qe5 Qd8 35. Re1 Kh7 36. Qf4 Nd5 37. Qf3 Nf6 38. Rd1 Qd6 39. b3 Kg7 40. Bc4 Re7 41. Bb5 Ne4 42. h4 Qb4 43. Bc4 Nd6 44. Qd5 Re6 45. Bf1 Rf6 46. Rd3 Rf5 47. Qc6 Qe1 48. Rf3 Ne4 49. Rxf5 gxf5 50. Qc2 Nd2 51. Qd3 Kf6 52. Qe2 Qxe2 53. Bxe2 Nxb3 54. d5 Nc5 55. Bb5 Ke5 56. Bc6 Ne4 57. Kg2 Nf6 58. f4+ Kd6 59. Kf3 Nxd5 60. Be8 Ke6 61. Ke2 Nc3+ 62. Kf3 Ke7 63. Bc6 b5 64. Ke3 bxa4 65. Kd4 Ne2+ 66. Kc4 a3 0-1

[Event "1st Archibald 2019"]
[Site "Sochi"]
[Date "2019.05.17"]
[Round "7.8"]
[White "Makoveev, Ilya"]
[Black "Bimiev, Ahmad"]
[Result "1-0"]
[ECO "B33"]
[WhiteElo "2290"]
[BlackElo "2196"]
[Annotator "NA RC"]
[PlyCount "65"]
[EventDate "2019.05.12"]
[EventType "swiss"]
[EventCountry "RUS"]
[SourceTitle "playchess.com"]
[Source "ChessBase"]
[SourceQuality "1"]
[TimeControl "5400+30"]

1. e4 c5 2. Nf3 Nc6 3. d4 cxd4 4. Nxd4 Nf6 5. Nc3 e5 6. Ndb5 d6 7. Bg5 a6 8. Na3 b5 9. Bxf6 gxf6 10. Nd5 Be7 11. g3 {[%emt 0:19:22] B33: Sicilian: Pelikan and Sveshnikov Variations} (11. Bd3 Rg8 12. O-O Bh3 13. Ne3 Be6 14. c4 bxc4 15. Bxc4 Nd4 16. b3 Rb8 17. Nac2 Nxc2 18. Qxc2 a5 19. Qd2 Kf8 20. Rac1 Rg7 21. Rc2 Qb6 22. Rd1 {1-0 (22) Schmidt,T (2597)-Blank,W (2500) ICCF email 2008}) 11... h5 12. Bg2 Be6 13. c3 h4 14. Nc2 Bf8 $146 ({Predecessor:} 14... Rc8 15. Nce3 Na5 16. b3 Nc6 17. O-O a5 18. a3 Rb8 {1-0 (38) Cowley,R (2064)-Lojanica,M (1946) Adelaide 2002}) 15. Nce3 Ra7 16. a4 b4 17. Qf3 Bg7 18. Rd1 ({Resist} 18. cxb4 $6 hxg3 19. fxg3 (19. Qxg3 Kf8 $14) 19... Rb7 $14) ({Don't play} 18. Nxb4 $6 Nxb4 19. cxb4 hxg3 $11) 18... hxg3 19. fxg3 bxc3 20. bxc3 Rh6 21. O-O Qa5 (21... Ne7 $16 {was necessary.} 22. c4 Qb8) 22. Ng4 Rg6 23. Ngxf6+ Kf8 24. Qh5 Rh6 25. Qg5 Rg6 26. Qh4 Rh6 27. Nh5 Qxa4 28. Qg5 $18 Rh7 29. Qg6 Qxd1 30. Qxh7 Qg4 31. Bh3 Qxh3 32. Qxg7+ Ke8 33. Nhf6+ 1-0

[Event "1st Archibald 2019"]
[Site "Sochi"]
[Date "2019.05.17"]
[Round "7.11"]
[White "Yandarbiev, Ruslan"]
[Black "Lugovskoy, Maxim"]
[Result "1/2-1/2"]
[ECO "C11"]
[WhiteElo "2279"]
[BlackElo "2445"]
[Annotator "RC"]
[PlyCount "97"]
[EventDate "2019.05.12"]
[EventType "swiss"]
[EventCountry "RUS"]
[SourceTitle "playchess.com"]
[Source "ChessBase"]
[SourceQuality "1"]
[TimeControl "5400+30"]

1. e4 e6 2. d4 d5 3. Nc3 Nf6 4. e5 Nfd7 5. f4 c5 6. Nf3 Be7 7. Be3 b6 8. Qd2 O-O 9. g3 a5 10. Be2 Ba6 11. O-O Bxe2 12. Qxe2 Nc6 13. Nb5 Na7 14. Nxa7 Rxa7 15. c4 cxd4 16. Nxd4 Nb8 17. cxd5 Qxd5 18. Nb5 Rd7 19. Rfd1 Qc6 20. Rdc1 Qb7 21. Qg2 Qxg2+ 22. Kxg2 Na6 23. Rd1 Rfd8 24. Rxd7 Rxd7 25. Rc1 g5 26. fxg5 Kg7 27. h4 Rd5 28. Nc3 Rd3 29. Bf4 Nc5 30. Rd1 Kg6 31. g4 b5 32. Rxd3 Nxd3 33. Kf3 b4 34. Na4 h5 35. gxh6 Bxh4 36. b3 Be7 37. Nb6 Bd8 38. Nc4 Bc7 39. g5 Nc5 40. Be3 Nd7 41. Ke4 Bd8 42. Nd2 Nf8 43. Nf3 Nh7 44. Nd4 Nxg5+ 45. Bxg5 Bxg5 46. Nc6 Bxh6 47. Nxa5 Bf8 48. Nc6 Bc5 49. Nd8 1/2-1/2

[Event "1st Archibald 2019"]
[Site "Sochi"]
[Date "2019.05.17"]
[Round "7.21"]
[White "Najdin, Danil"]
[Black "Potapova, Margarita"]
[Result "1-0"]
[ECO "A64"]
[WhiteElo "2314"]
[BlackElo "2253"]
[Annotator "NA RC"]
[PlyCount "93"]
[EventDate "2019.05.12"]
[EventType "swiss"]
[EventCountry "RUS"]
[SourceTitle "playchess.com"]
[Source "ChessBase"]
[SourceQuality "1"]
[TimeControl "5400+30"]

1. d4 Nf6 2. c4 g6 3. g3 c5 4. d5 Bg7 5. Bg2 d6 6. Nc3 O-O 7. Nf3 e6 8. O-O exd5 9. cxd5 Re8 10. Nd2 a6 11. a4 Nbd7 12. e4 Ne5 {[%emt 0:09:25] A64: Modern Benoni: Fianchetto Variation: 9...Nbd7 10 Nd2 a6 11 a4 Re8} 13. Qc2 Rb8 (13... h5 14. f4 Neg4 15. Nc4 Nh7 16. h3 Bd4+ 17. Kh1 Ngf6 18. Ne2 Rb8 19. a5 Qc7 20. Nxd4 cxd4 {1-0 (33) Gunina,V (2496)-Lagno,K (2529) Huaian 2016}) 14. f4 Neg4 15. Nc4 Nh5 16. Ne2 $146 (16. Bf3 $11) ({Predecessor:} 16. Ra2 Bd4+ 17. Kh1 b5 18. axb5 axb5 19. Na5 Bd7 20. Nb3 {0-1 (37) Bruschetta,L-Amorosi,G Italy 1998}) 16... b5 17. axb5 axb5 18. Na5 $1 Qb6 19. Nc6 (19. Bf3 $15) 19... c4+ 20. Kh1 Nf2+ 21. Rxf2 Qxf2 22. Nxb8 $2 (22. Qd2 {is the only way for White.} Nf6 23. Nc3 Qxd2 24. Bxd2) 22... Bg4 23. Nc6 $2 (23. Bd2 {is the only way for White.} Bf3 24. Bxf3 Qxf3+ {[%mdl 64] Double Attack} 25. Kg1) 23... Bxe2 24. Qd2 Rxe4 {[%emt 0:11:02] Back Rank} 25. Ra8+ Bf8 26. f5 Ng7 27. f6 Qxf6 28. Qc3 $2 {[%emt 0:03:47] [#]} ({Avoid the trap} 28. Rxf8+ $2 Kxf8 29. Kg1 Bd3 $19) (28. h4 $17 Bf3 29. Qf2) 28... Qf2 $3 29. Bh6 {[%emt 0:06:04] [#]} f6 (29... Ne8 $142 $3 30. Rxe8 (30. Bxf8 Bf3 31. Ne7+ Rxe7 32. Qg7+ Nxg7 33. Bxe7+ Ne8 {[%mdl 64] Clearance} 34. Rxe8+ Kg7 35. Bf8+ Kf6 36. Be7+ Ke5 37. Bd8+ Kf5 38. g4+ Kf4 39. Bg5+ {[%mdl 64] Decoy} Kxg5 40. h4+ Kxh4 41. Re2 Bxe2 42. Be4 Kg3 43. g5 Qh2#) 30... Rxe8 31. Bxf8 f6) 30. Qd2 Qf5 {[%emt 0:02:03] [#]} 31. Nd4 $1 Rxd4 32. Qxd4 Qb1+ 33. Qg1 Qxb2 34. h3 f5 35. Qe3 Bd3 36. Bf4 Qf6 37. Bg5 Qf7 38. Ra7 f4 39. Bxf4 Qf5 $18 (39... Nf5 {keeps fighting.} 40. Qe6 Qxe6 41. dxe6 c3) 40. Ra8 Qd7 41. g4 b4 42. Qb6 b3 43. Bxd6 Ne8 44. Bxf8 Kxf8 45. Qf6+ Kg8 46. d6 Qf7 47. Rxe8+ 1-0

[Event "1st Archibald 2019"]
[Site "Sochi"]
[Date "2019.05.17"]
[Round "7.22"]
[White "Kiriushin, Vladimir"]
[Black "Yakimenko, Alexander A."]
[Result "0-1"]
[ECO "E44"]
[WhiteElo "2041"]
[BlackElo "2059"]
[Annotator "NA RC"]
[PlyCount "68"]
[EventDate "2019.05.12"]
[EventType "swiss"]
[EventCountry "RUS"]
[SourceTitle "playchess.com"]
[Source "ChessBase"]
[SourceQuality "1"]
[TimeControl "5400+30"]

1. d4 e6 2. c4 Nf6 3. Nc3 Bb4 4. e3 b6 5. Nge2 Bb7 6. a3 Be7 7. Nf4 d5 8. cxd5 exd5 9. Be2 O-O 10. Bf3 c6 11. O-O Nbd7 12. b4 b5 13. Bd2 Nb6 14. Be2 (14. a4 $11 {remains equal.}) 14... Re8 15. Nd3 Bd6 16. Nc5 Bc8 17. a4 $11 a6 18. axb5 axb5 19. Rxa8 Nxa8 20. Qc2 Qc7 21. h3 Nb6 22. Ra1 g6 23. Bd3 Qe7 24. Re1 Nc4 25. Bc1 Be6 26. Qa2 Bf5 27. Qb1 Bxd3 28. Qxd3 Ne4 29. f3 Qh4 30. Rf1 Nxc3 31. Qxc3 Qg3 32. f4 Nxe3 33. Rf2 Bxf4 34. Qd2 Qh2# 0-1

[Event "1st Archibald 2019"]
[Site "Sochi"]
[Date "2019.05.18"]
[Round "8.1"]
[White "Bogdanovich, Stanislav"]
[Black "Aleksandrov, Aleksej"]
[Result "1-0"]
[ECO "A11"]
[WhiteElo "2581"]
[BlackElo "2603"]
[Annotator "RC"]
[PlyCount "83"]
[EventDate "2019.05.12"]
[EventType "swiss"]
[EventCountry "RUS"]
[SourceTitle "playchess.com"]
[Source "ChessBase"]
[SourceQuality "1"]
[TimeControl "5400+30"]

1. Nf3 Nf6 2. g3 d5 3. Bg2 c6 4. O-O Bf5 5. d3 h6 6. c4 e6 7. Nbd2 Be7 8. Ne5 O-O 9. Ndf3 Nbd7 10. Nxd7 Nxd7 11. Be3 dxc4 12. dxc4 Qc7 13. Qd2 Rfd8 14. Qc3 Bf6 15. Qb3 a5 16. Rad1 Be7 17. Qc3 a4 18. Bd4 Bf8 19. Qe3 Qa5 20. Qf4 Bc5 21. g4 Bg6 22. Bxc5 Nxc5 23. Ne5 Qb4 24. h4 Qxb2 25. Rxd8+ Rxd8 26. h5 Bb1 27. Qxf7+ Kh7 28. Qe7 Qxe5 29. Qxd8 Bxa2 30. Qd2 Bb3 31. f4 Qc7 32. g5 a3 33. Qb4 Qd6 34. g6+ Kg8 35. Qxa3 Qd4+ 36. e3 Qxe3+ 37. Kh2 Nd7 38. Qe7 Qc5 39. Qxe6+ Kh8 40. Qxd7 Bxc4 41. Qe8+ Bg8 42. Qe5 1-0

[Event "1st Archibald 2019"]
[Site "Sochi"]
[Date "2019.05.18"]
[Round "8.2"]
[White "Volkov, Sergey"]
[Black "Stupak, Kirill"]
[Result "0-1"]
[ECO "E24"]
[WhiteElo "2572"]
[BlackElo "2551"]
[Annotator "RC"]
[PlyCount "126"]
[EventDate "2019.05.12"]
[EventType "swiss"]
[EventCountry "RUS"]
[SourceTitle "playchess.com"]
[Source "ChessBase"]
[SourceQuality "1"]
[TimeControl "5400+30"]

1. d4 Nf6 2. c4 e6 3. Nc3 Bb4 4. f3 c5 5. a3 Bxc3+ 6. bxc3 d6 7. e4 Nc6 8. Be3 b6 9. Bd3 Qc7 10. f4 e5 11. Nf3 Ng4 12. Bg1 exf4 13. h3 Ne3 14. Bxe3 fxe3 15. O-O f6 16. Re1 Bd7 17. Rxe3 O-O-O 18. Qe2 Kb8 19. Re1 Rde8 20. e5 dxe5 21. dxe5 Nxe5 22. Nxe5 fxe5 23. Be4 Re7 24. Qd3 g6 25. Qd5 Kc8 26. Bf3 Rhe8 27. R3e2 Re6 28. Bg4 Rd6 29. Qf7 Rd8 30. Qf3 Bxg4 31. Qxg4+ Kb8 32. Rxe5 Rd1 33. Qe4 Rxe1+ 34. Qxe1 Rd1 35. Re8+ Rd8 36. Re6 Rd6 37. Re4 Rd8 38. Qe3 Rd1+ 39. Kf2 Rd7 40. Ke2 Qd6 41. Re8+ Kc7 42. Qe5 Qxe5+ 43. Rxe5 Kb7 44. Rd5 Re7+ 45. Kd2 Ka6 46. Kc2 Re2+ 47. Rd2 Rxd2+ 48. Kxd2 Ka5 49. Kc2 Ka4 50. Kb2 g5 51. g3 h5 52. h4 g4 53. Ka2 b5 54. cxb5 Kxb5 55. Kb3 c4+ 56. Kc2 Ka5 57. Kc1 Ka4 58. Kb2 a5 59. Ka2 Kb5 60. Kb1 Kc5 61. Kc2 Kd5 62. Kd1 Ke4 63. Ke2 a4 0-1

[Event "1st Archibald 2019"]
[Site "Sochi"]
[Date "2019.05.18"]
[Round "8.7"]
[White "Martinovici, Ilie"]
[Black "Bocharov, Dmitry"]
[Result "0-1"]
[ECO "B07"]
[WhiteElo "2367"]
[BlackElo "2530"]
[Annotator "ChessBase"]
[PlyCount "68"]
[EventDate "2019.05.12"]
[EventType "swiss"]
[EventCountry "RUS"]
[SourceTitle "playchess.com"]
[Source "ChessBase"]
[SourceQuality "1"]
[TimeControl "5400+30"]

1. d4 d6 2. e4 Nf6 3. f3 e5 4. d5 Be7 5. Be3 O-O 6. c4 a5 7. Nc3 Na6 8. Qd2 c6 9. Bd3 cxd5 10. cxd5 Nd7 11. Nh3 Ndc5 12. Nf2 Nxd3+ 13. Nxd3 Bd7 14. O-O b5 15. a3 Qb8 16. Na2 f5 17. exf5 Bxf5 18. Nf2 Nc5 19. Bxc5 dxc5 20. Nc3 c4 21. Nce4 Bd8 22. d6 Bb6 23. Qd5+ Kh8 24. Nc3 b4 25. axb4 axb4 26. Na4 Bd4 27. d7 Qc7 28. Nc3 Rxa1 29. Rxa1 Qxd7 30. Qxd7 Bxd7 31. Nd5 Rb8 32. Nxb4 h6 33. Nc2 Bxf2+ 34. Kxf2 Rxb2 0-1

[Event "1st Archibald 2019"]
[Site "Sochi"]
[Date "2019.05.18"]
[Round "8.9"]
[White "Tsydypov, Zhamsaran"]
[Black "Isanzhulov, Arystan"]
[Result "1-0"]
[ECO "A50"]
[WhiteElo "2546"]
[BlackElo "2254"]
[Annotator "RC"]
[PlyCount "124"]
[EventDate "2019.05.12"]
[EventType "swiss"]
[EventCountry "RUS"]
[SourceTitle "playchess.com"]
[Source "ChessBase"]
[SourceQuality "1"]
[TimeControl "5400+30"]

1. d4 Nf6 2. c4 b6 3. Nc3 Bb7 4. Qc2 d5 5. cxd5 Nxd5 6. e4 Nxc3 7. bxc3 g6 8. Nf3 Bg7 9. h4 h6 10. Bc4 Nd7 11. h5 g5 12. e5 e6 13. Bxe6 Bxf3 14. Bxd7+ Qxd7 15. gxf3 Qc6 16. Rh3 O-O-O 17. Be3 f6 18. exf6 Bxf6 19. O-O-O Rd5 20. f4 g4 21. Rg3 Rxh5 22. Rxg4 Be7 23. Rg6 Qb5 24. Rdg1 Re8 25. Qb3 Qd3 26. a4 Bd6 27. R6g3 Kb7 28. Kb2 Rf5 29. Qc2 Qxc2+ 30. Kxc2 Bxf4 31. Rf3 Ref8 32. Rh1 Bg5 33. Rxf5 Rxf5 34. f4 Be7 35. Rxh6 Bd6 36. Rh4 Kc6 37. Rg4 a6 38. Rg5 Rf6 39. f5 Kd5 40. Kd3 b5 41. axb5 axb5 42. Rh5 Rf7 43. Bf2 c6 44. Bh4 Bc7 45. Be7 Rxe7 46. f6+ Ke6 47. fxe7 Kxe7 48. Kc2 Ke6 49. Kd3 Kd6 50. Rh7 Ba5 51. Ra7 Bb6 52. Ra6 Bd8 53. Ke4 Kc7 54. d5 cxd5+ 55. Kxd5 Kb7 56. Ra3 Be7 57. Rb3 Kb6 58. c4 b4 59. Re3 Bg5 60. c5+ Kb5 61. c6 Bxe3 62. c7 Kb6 1-0

[Event "1st Archibald 2019"]
[Site "Sochi"]
[Date "2019.05.18"]
[Round "8.10"]
[White "Pogosian, Manvel"]
[Black "Oganian, Miran"]
[Result "0-1"]
[ECO "A31"]
[WhiteElo "2388"]
[BlackElo "2415"]
[Annotator "NA"]
[PlyCount "66"]
[EventDate "2019.05.12"]
[EventType "swiss"]
[EventCountry "RUS"]
[SourceTitle "playchess.com"]
[Source "ChessBase"]
[SourceQuality "1"]
[TimeControl "5400+30"]

1. d4 Nf6 2. c4 c5 3. Nf3 cxd4 4. Nxd4 e5 5. Nb5 d5 6. cxd5 Bc5 7. e3 O-O 8. N5c3 Qe7 9. a3 {[%emt 0:02:07] A31: Symmetrical English: 2 Nf3 Nf6 3 d4} e4 10. b4 Bd6 11. Bb2 Rd8 12. Be2 a5 13. b5 (13. Nd2 axb4 14. axb4 Rxa1 15. Qxa1 Bxb4 16. O-O Na6 17. Nc4 Bg4 18. Bxg4 Nxg4 {½-½ (49) Mchedlishvili,M (2636)-Bologan,V (2665) Melilla 2011}) 13... Nbd7 14. Nd2 Nb6 15. Qc2 $146 ({Predecessor:} 15. Nc4 Nxc4 16. Bxc4 Bf5 17. Ne2 Rac8 18. Qb3 Nd7 {½-½ (30) Arakeljan,A (2252)-Moiseev,V (2405) Tula 2018}) 15... Bf5 16. O-O h5 17. Rfd1 h4 18. Nf1 Rac8 19. Qb3 h3 20. Ng3 Bd7 21. Bf1 Bg4 $11 22. Re1 hxg2 23. Bxg2 Bxg3 24. hxg3 Nc4 25. Rec1 Nd2 26. Qa4 Nf3+ 27. Kf1 Qe5 28. Nd1 Qxd5 29. Bxf3 Bxf3 30. Rxc8 Rxc8 31. Bd4 Qh5 32. Ke1 Qh1+ 33. Kd2 Qf1 0-1

[Event "1st Archibald 2019"]
[Site "Sochi"]
[Date "2019.05.18"]
[Round "8.12"]
[White "Raja Harshit"]
[Black "Yandarbiev, Ruslan"]
[Result "1-0"]
[ECO "B07"]
[WhiteElo "2446"]
[BlackElo "2279"]
[Annotator "NA"]
[PlyCount "60"]
[EventDate "2019.05.12"]
[EventType "swiss"]
[EventCountry "RUS"]
[SourceTitle "playchess.com"]
[Source "ChessBase"]
[SourceQuality "1"]
[TimeControl "5400+30"]

1. e4 d6 2. d4 Nf6 3. Nc3 g6 4. Bf4 Bg7 5. Qd2 h6 6. h4 c6 7. O-O-O b5 8. Qe1 b4 9. Nb1 a5 10. c4 Qb6 11. e5 dxe5 12. dxe5 Nh7 (12... Nh5 $5 13. Be3 c5 $11) 13. Be3 Qc7 14. f4 Nf8 15. Qf2 Ra6 16. Nd2 Bf5 17. h5 gxh5 18. Be2 $16 ({Resist} 18. Rxh5 $6 Bg4 $16) 18... a4 19. Ngf3 b3 20. axb3 axb3 21. Nxb3 Ne6 22. Bd3 Bg4 23. f5 Ng5 24. Nxg5 hxg5 25. f6 Bh6 26. Be2 Bxe2 27. Qxe2 h4 28. e6 exf6 29. Qh5 Rh7 30. Rhe1 Ra8 1-0

[Event "1st Archibald 2019"]
[Site "Sochi"]
[Date "2019.05.18"]
[Round "8.14"]
[White "Solozhenkin, Evgeniy"]
[Black "Gritsayeva, Oksana"]
[Result "1/2-1/2"]
[ECO "B33"]
[WhiteElo "2441"]
[BlackElo "2383"]
[Annotator "ChessBase"]
[PlyCount "56"]
[EventDate "2019.05.12"]
[EventType "swiss"]
[EventCountry "RUS"]
[SourceTitle "playchess.com"]
[Source "ChessBase"]
[SourceQuality "1"]
[TimeControl "5400+30"]

1. e4 c5 2. Nf3 Nc6 3. d4 cxd4 4. Nxd4 Nf6 5. Nc3 e5 6. Ndb5 d6 7. Bg5 a6 8. Na3 Be6 9. Nc4 Rb8 10. Bxf6 Qxf6 11. Nd5 Bxd5 12. exd5 Na7 13. Be2 Qd8 14. a4 Be7 15. O-O O-O 16. Kh1 Nc8 17. a5 Bg5 18. Ra3 g6 19. Rb3 Re8 20. Rb4 Qc7 21. c3 Qc5 22. Ra4 Kg7 23. b4 Qc7 24. Ra3 Ne7 25. Nb6 Nc8 26. Nc4 Ne7 27. Nb6 Nc8 28. Nc4 Ne7 1/2-1/2

[Event "1st Archibald 2019"]
[Site "Sochi"]
[Date "2019.05.18"]
[Round "8.15"]
[White "Ufimtsev, Egor"]
[Black "Guseva, Marina"]
[Result "1/2-1/2"]
[ECO "D11"]
[WhiteElo "2101"]
[BlackElo "2402"]
[Annotator "NA"]
[PlyCount "63"]
[EventDate "2019.05.12"]
[EventType "swiss"]
[EventCountry "RUS"]
[SourceTitle "playchess.com"]
[Source "ChessBase"]
[SourceQuality "1"]
[TimeControl "5400+30"]

1. d4 d5 2. c4 c6 3. Nf3 Nf6 4. Qc2 dxc4 5. e4 (5. Qxc4 Bg4 6. Nbd2 Nbd7 7. g3 e6 8. Bg2 Bd6 9. Qb3 Nb6 10. O-O O-O 11. Re1 a5 12. e4 a4 13. Qc3 Re8 14. a3 {1-0 (64) Yu,Y (2764)-Kovalenko,I (2657) St Petersburg 2018}) 5... b5 6. b3 {[%emt 0:00:22] D11: Slav Defence: 3 Nf3 sidelines and 3...Nf6 4 e3 Bg4} cxb3 7. axb3 e6 8. Bd2 a5 9. Bd3 Be7 $146 ({Predecessor:} 9... Bb7 10. O-O {0-1 (45) Svensson,M (2166)-Jogstad,M (2283) Sweden 2017}) 10. O-O Bb7 11. Nc3 Na6 12. e5 Nb4 13. exf6 Nxc2 14. fxe7 Qxe7 15. Bxc2 O-O 16. Ne4 c5 17. dxc5 f5 18. Nd6 Bxf3 19. gxf3 Rf6 20. b4 Rg6+ 21. Kh1 Qh4 22. Ra3 Qd4 23. Rd3 Qb2 24. Bd1 axb4 {[%emt 0:12:31] [#]} 25. c6 $1 Qb1 26. Rb3 $16 Qa1 27. c7 Qd4 28. Bxb4 Rh6 29. Rc3 Rxh2+ 30. Kg1 Rh1+ 31. Kxh1 Qh4+ 32. Kg2 1/2-1/2

[Event "1st Archibald 2019"]
[Site "Sochi"]
[Date "2019.05.18"]
[Round "8.16"]
[White "Eraschenkov, Denis"]
[Black "Mikhailovsky, Vladimir"]
[Result "1-0"]
[ECO "B30"]
[WhiteElo "2391"]
[BlackElo "2180"]
[Annotator "NA"]
[PlyCount "77"]
[EventDate "2019.05.12"]
[EventType "swiss"]
[EventCountry "RUS"]
[SourceTitle "playchess.com"]
[Source "ChessBase"]
[SourceQuality "1"]
[TimeControl "5400+30"]

1. e4 c5 2. Nf3 Nc6 3. Nc3 e5 4. Bc4 Be7 5. d3 d6 6. O-O Nf6 7. Nh4 h6 8. g3 Bh3 9. Ng2 g5 10. f3 Qd7 11. Rf2 Nd4 12. Nd5 Nxd5 13. Bxd5 Bxg2 14. Kxg2 h5 15. c3 Ne6 16. Rb1 h4 17. g4 Rc8 18. Be3 b6 19. Qd2 f6 20. b4 Kf8 21. bxc5 dxc5 22. Qb2 Kg7 23. Qb3 Nc7 24. Bc4 Rhd8 25. Rd2 Rb8 26. d4 exd4 27. cxd4 Qc6 28. d5 Qd7 29. Qc3 Kg6 30. e5 fxe5 31. d6 Bxd6 32. Rbd1 Qe7 33. Qd3+ Kh6 34. Qf5 Ne8 35. Bf7 Qf6 36. Rxd6 Rxd6 37. Rxd6 Qxd6 38. Qxg5+ Kh7 39. Qg8# 1-0